 Dungeon Sprint DCSS version 0.31.0-32-g396128a36d (webtiles) character file.

Game seed: 6892296061068213688

443 Heoruswealwe the Spear-Bearer (level 6, -3/64 HPs)
             Began as a Minotaur Fighter on Mar 8, 2024.
             Was an Initiate of Gozag.
             Slain by an unseen horror (4 damage)
             ... in the Dungeon (Sprint IX: "|||||||||||||||||||||||||||||").
             The game lasted 00:01:30 (126 turns).

Heoruswealwe the Spear-Bearer (Minotaur Fighter)     Turns: 126, Time: 00:01:30

Health: -3/64      AC:  8    Str: 22    XL:     6   Next: 71%
Magic:  5/5        EV:  9    Int:  5    God:    Gozag
Gold:   0          SH:  4    Dex: 10    Spells: 5/5 levels left

rFire   . . .        a - +0 trident
rCold   . . .        d - +0 buckler
rNeg    . . .        c - +0 scale mail
rPois   .            (helmet restricted)
rElec   .            (no cloak)
rCorr   .            (no gloves)
SInv    .            (no boots)
Will    .....        (no amulet) Stlth
                     (no ring)
HPRegen 0.30/turn    (no ring)
MPRegen 0.09/turn

%: no teleportation
@: gold aura
A: horns 2, retaliatory headbutt
a: Renounce Religion, Potion Petition, Call Merchant, Bribe Branch


You were in the Dungeon.
You worshipped Gozag.
Gozag was noncommittal.
You visited 1 branch

Inventory:

Hand Weapons
 a - a +0 trident (weapon)
Armour
 c - a +0 scale mail (worn)
 d - a +0 buckler (worn)
Jewellery
 k - a +2 ring of protection
 l - a +3 ring of strength
Wands
 h - a wand of quicksilver (10)
Scrolls
 j - 2 scrolls of blinking
Potions
 b - a potion of might
 e - 2 potions of heal wounds
 f - 4 potions of curing
 g - a potion of haste
 i - a potion of berserk rage


   Skills:
 + Level 9.4 Fighting
 * Level 12.4 Polearms
 + Level 9.4 Armour
 - Level 3.6 Shields


You had 5 spell levels left.
You didn't know any spells.
Your spell library was empty.

Dungeon Overview and Level Annotations

Branches:
Dungeon (1/1)

Altars:
Cheibriados
Dithmenos
Elyvilon
Fedhas
Gozag
Hepliaklqana
Kikubaaqudgha
Makhleb
Nemelex Xobeh
Okawaru
Qazlal
Ru
Sif Muna
Trog
Uskayaw
Vehumet
Wu Jian
Xom
Yredelemnul
Zin
The Shining One
Jiyva
Lugonu


Innate Abilities, Weirdness & Mutations

You have a pair of horns on your head.
You reflexively headbutt those who attack you in melee.


Message History

The yak is heavily wounded.
The yak gores you but does no damage.
You hit the yak.
The yak is heavily wounded.
The yak gores you!
* * * LOW HITPOINT WARNING * * *
You hit the yak but do no damage.
The yak is heavily wounded.
You hit the yak.
The yak is heavily wounded.
The orc warrior jeers noisily.
The yak gores you!
* * * LOW HITPOINT WARNING * * *
You hit the yak. Your headbutt misses the yak.
The yak is severely wounded.
You block the yak's attack.
You barely miss the yak.
The yak is severely wounded.
The yak is distracted by your dazzling golden aura.
The yak bellows!
You hit the yak but do no damage.
The yak is no longer distracted by gold.
The yak is severely wounded.
You hit the yak but do no damage. You headbutt the yak!
The yak is almost dead.
The yak misses you.
You puncture the yak!
You kill the yak!
Something hits you but does no damage.
Deactivating autopickup; reactivate with Ctrl-A.
Your Fighting skill increases to level 9!
Your Polearms skill increases to level 12!
Your Armour skill increases to level 9!
You puncture something! Your headbutt misses something. Something hits you!
* * * LOW HITPOINT WARNING * * *
Something hits you but does no damage.
You hit something.
Something hits you but does no damage. x2
You closely miss something. Something hits you.
You die...
Your body crumbles into a pile of gold.

▓!▓
▓?▓
▓)▓
▓.▓
▓[▓
▓[▓
▓[▓
▓.▓
▓@▓
▓{▓
▓Y▓
▓h▓
▓o▓
▓.▓
▓.▓
▓.▓


You could see a yak, an orc warrior and a howler monkey.

Vanquished Creatures
  2 yaks (D)
  A phantom (D)
  A jelly (D)
  An orc wizard (D)
  A ribbon worm (D)
  An orc (D)
  An endoplasm (D)
  A hobgoblin (D)
  A bat (D)
  2 frilled lizards (D)
12 creatures vanquished.

Notes
Turn   | Place    | Note
-------+----------+-------------------------------------------
     0 | D        | Heoruswealwe the Minotaur Fighter began the quest for the
                  | Orb.
     0 | D        | Reached XP level 1. HP: 19/19 MP: 0/0
     9 | D        | Reached skill level 3 in Polearms
    18 | D        | Noticed an orc wizard
    18 | D        | Noticed a phantom
    18 | D        | Noticed a jelly
    30 | D        | Killed an orc wizard
    31 | D        | Reached skill level 5 in Fighting
    31 | D        | Reached skill level 5 in Polearms
    31 | D        | Reached skill level 5 in Armour
    31 | D        | Reached XP level 2. HP: 29/29 MP: 1/1
    31 | D        | Reached XP level 3. HP: 36/36 MP: 2/2
    41 | D        | Killed a phantom
    42 | D        | Reached skill level 8 in Polearms
    42 | D        | Reached XP level 4. HP: 40/45 MP: 3/3
    53 | D        | Reached XP level 5. HP: 48/52 MP: 4/4
    58 | D        | Found a snail-covered altar of Cheibriados.
    58 | D        | Found a shadowy altar of Dithmenos.
    58 | D        | Found a white marble altar of Elyvilon.
    58 | D        | Found a blossoming altar of Fedhas.
    58 | D        | Found an opulent altar of Gozag.
    59 | D        | Found a hazy altar of Hepliaklqana.
    60 | D        | Found a viscous altar of Jiyva.
    61 | D        | Found an ancient bone altar of Kikubaaqudgha.
    62 | D        | Found a corrupted altar of Lugonu.
    63 | D        | Found a burning altar of Makhleb.
    64 | D        | Found a sparkling altar of Nemelex Xobeh.
    65 | D        | Found an iron altar of Okawaru.
    66 | D        | Became a worshipper of Gozag Ym Sagoz the Greedy
    67 | D        | Found a stormy altar of Qazlal.
    68 | D        | Found a sacrificial altar of Ru.
    69 | D        | Found a shimmering blue altar of Sif Muna.
    70 | D        | Found a bloodstained altar of Trog.
    71 | D        | Found a hide-covered altar of Uskayaw.
    72 | D        | Found a radiant altar of Vehumet.
    73 | D        | Found an ornate altar of the Wu Jian Council.
    74 | D        | Found a shimmering altar of Xom.
    75 | D        | Found a basalt altar of Yredelemnul.
    76 | D        | Found a glowing silver altar of Zin.
    77 | D        | Found a glowing golden altar of the Shining One.
   102 | D        | Noticed a yak
   102 | D        | Noticed a yak
   102 | D        | Noticed a yak
   102 | D        | Noticed an orc warrior
   112 | D        | Killed a yak
   113 | D        | Reached skill level 11 in Polearms
   113 | D        | Reached XP level 6. HP: 39/62 MP: 5/5
   123 | D        | Killed a yak
   124 | D        | Reached skill level 12 in Polearms
   124 | D        | HP: 1/64 [something (8)]
   126 | D        | Slain by an unseen horror

Illustrated notes

Levels and vault maps discovered:
D:        linesprint [early_d, line_temple, items_1, d_10, items_2, lair_1,
          lair_end, items_3, orc_1, orc_end, items_4, d_15, swamp_1, shoals_1,
          snake_1, spider_1, d_20, vaults_1, items_5, swamp_end, shoals_end,
          snake_end, spider_end, vaults_end, d_27, items_6, zot_1, zot_end,
          crypt_end, forest_end, elf_end, slime_end, tomb_end, abyss_end,
          pan_hell_end]

Skill      XL: |  1  2  3  4  5  6 |
---------------+-------------------+-----
Polearms       | 5 8 11 12 | 12.4
Fighting       | 5 6 7 8 9 |  9.4
Armour         | 5 6 7 8 9 |  9.4
Shields        | |  3.6

Action                     |  1- 3 |  4- 6 || total
---------------------------+-------+-------++-------
  Melee: Trident           |    26 |    34 ||    60
         Headbutt          |     3 |     3 ||     6
    Use: Potion            |     2 |       ||     2
 Armour: Scale mail        |    20 |    16 ||    36
  Dodge: Dodged            |     6 |     7 ||    13
  Block: Buckler           |     7 |     2 ||     9
